 Dungeon Crawl Stone Soup version 0.31-a0-83-gbff143cfd1 (webtiles) character file.

Game seed: 3259638465169223488

12 Chodeload the Ducker (level 2, -2/16 HPs)
             Began as a Deep Elf Wanderer on May 24, 2023.
             Frozen to death by an endoplasm (4 damage)
             ... on level 1 of the Dungeon.
             The game lasted 00:00:56 (178 turns).

Chodeload the Ducker (Deep Elf Wanderer)             Turns: 178, Time: 00:00:57

Health: -2/16      AC:  5    Str: 14    XL:     2   Next: 20%
Magic:  4/4        EV: 12    Int: 13    God:
Gold:   16         SH:  6    Dex: 12    Spells: 1/1 levels left

rFire   . . .        a - +0 spear
rCold   . . .        b - +2 buckler
rNeg    . . .        e - +0 leather armour
rPois   .            g - +0 helmet
rElec   .            (no cloak)
rCorr   .            c - +0 pair of gloves
SInv    .            (no boots)
Will    .....        (no amulet)
Stlth   +            (no ring)
HPRegen 0.22/turn    (no ring)
MPRegen 0.09/turn

%: no passive effects
@: no status effects
A: no striking features
a: no special abilities


You were on level 1 of the Dungeon.
You visited 1 branch of the dungeon, and saw 1 of its levels.

You collected 16 gold pieces.

Inventory:

Hand Weapons
 a - a +0 spear (weapon)
Missiles
 h - 15 stones (quivered)
Armour
 b - a +2 buckler (worn)
 c - a +0 pair of gloves (worn)
 e - a +0 leather armour (worn)
 g - a +0 helmet (worn)
Scrolls
 f - a scroll of amnesia {unknown}
Potions
 d - a potion of curing
 i - a potion of degeneration {unknown}


   Skills:
 + Level 1.2 Fighting
 + Level 1.2 Polearms
 - Level 1.0 Throwing
 + Level 3.8 Dodging
 + Level 3.4 Shields


You had one spell level left.
You didn't know any spells.
Your spell library was empty.

Dungeon Overview and Level Annotations

Branches:
Dungeon (1/15)

Altars:


Message History

You block the hobgoblin's attack.
You hit the hobgoblin.
You kill the hobgoblin!
An endoplasm comes into view.
You see here a hobgoblin corpse.
The endoplasm attacks as you move away! The endoplasm closely misses you.
The endoplasm quivers.
You hit the endoplasm.
The endoplasm is severely wounded.
The endoplasm barely misses you.
You barely miss the endoplasm.
The endoplasm is severely wounded.
The endoplasm freezes you.
You are frozen.
You hit the endoplasm.
You kill the endoplasm!
The kobold hits you with a +0 club.
You hit the kobold.
The kobold is severely wounded.
The kobold hits you but does no damage.
You hit the kobold but do no damage.
The kobold is severely wounded.
The kobold barely misses you. You block the endoplasm's attack.
You hit the kobold but do no damage.
The kobold is severely wounded.
The kobold barely misses you. The endoplasm freezes you.
You are frozen.
The kobold closely misses you. The endoplasm freezes you.
You are frozen.
You are too injured to fight recklessly!
The endoplasm freezes you.
You are frozen.
* * * LOW HITPOINT WARNING * * *
You barely miss the kobold.
The kobold is severely wounded.
You block the kobold's attack. The endoplasm freezes you.
You are frozen.
You die...

####..............####
#.........†..........#
#...............†...#...
#.....................##
#....................>..
#.......................
#.........#.............
##.......................
#..........#..K@.......##
#.............J#######.##
#................J.......
#..........#.....†.###.#
#......^...#.##..#.###
#..........#...........
##################.#...
....... .....#.


You could see an endoplasm and a kobold.

Vanquished Creatures
  An endoplasm (D:1)
  3 goblins (D:1)
  A hobgoblin (D:1)
  A quokka (D:1)
  A ball python (D:1)
  A frilled lizard (D:1)
  A kobold (D:1)
  3 rats (D:1)
12 creatures vanquished.

Notes
Turn   | Place    | Note
-------+----------+-------------------------------------------
     0 | D:1      | Chodeload the Deep Elf Wanderer began the quest for the
                  | Orb.
     0 | D:1      | Chodeload set off with the following items: a +0 spear, a
                  | +2 buckler, a +0 pair of gloves, a potion of curing, a +0
                  | leather armour.
     0 | D:1      | Reached XP level 1. HP: 12/12 MP: 3/3
   114 | D:1      | Reached XP level 2. HP: 14/16 MP: 4/4
   178 | D:1      | Frozen to death by an endoplasm

Illustrated notes

Levels and vault maps discovered:
D:1:      dpeg_arrival_rhombi, layout_rooms

Action                     || total
---------------------------++-------
  Melee: Spear             ||    42
  Throw: Stone             ||     2
 Armour: Leather armour    ||     7
  Dodge: Dodged            ||    16
  Block: Buckler           ||    10

Table legend: (Time is in decaauts)
 A = Elapsed time spent in this place.
 B = Non-inter-level travel time spent in this place.
 C = Inter-level travel time spent in this place.
 D = Time resting spent in this place.
 E = Time spent auto-exploring this place.
 F = Levels seen in this place.
 G = Mean time per level.
                   A        B        C        D        E       F      G
               +--------+--------+--------+--------+--------+-----+--------+
         Total |    182 |    182 |      0 |      0 |     71 |   1 |  182.0 |
       Dungeon |    182 |    182 |      0 |      0 |     71 |   1 |  182.0 |
               +--------+--------+--------+--------+--------+-----+--------+

Top non-repeatable levels by time:
     D:1: 182 daAuts
